 Dungeon Crawl Stone Soup version 0.30-a0-916-g9813417 (webtiles) character file.

Game seed: 7145359875675131259

10 Geeful the Ruffian (level 2, 25/25 HPs)
             Began as a Ghoul Gladiator on Mar 20, 2023.
             Was a Follower of Sif Muna.
             Safely got out of the dungeon.
             The game lasted 00:01:07 (207 turns).

Geeful the Ruffian (Ghoul Gladiator)                 Turns: 207, Time: 00:01:08

Health: 25/25      AC:  4    Str: 17    XL:     2   Next: 20%
Magic:  1/1        EV: 12    Int:  3    God:    Sif Muna [*.....]
Gold:   15         SH:  0    Dex: 10    Spells: 1/1 levels left

rFire   . . .      SeeInvis .      - Unarmed
rCold   + . .      Faith    .    (no shield)
rNeg    + + +      Spirit   .    a - +0 leather armour
rPois   ∞          Reflect  .    b - +0 helmet
rElec   .          Rampage  .    (no cloak)
rCorr   .                        (no gloves)
Will    .....                    (no boots)
Stlth   +                        (no amulet)
HPRegen 0.24/turn                (no ring)
MPRegen 0.07/turn                (no ring)

@: no status effects
A: claws 1, cold resistance 1, negative energy resistance 3, inhibited
regeneration, torment resistance 2, devour on kill
a: Renounce Religion, Channel Magic


You escaped.
You worshipped Sif Muna.
Sif Muna was aware of your devotion.
You visited 1 branch of the dungeon, and saw 1 of its levels.

You collected 15 gold pieces.

Inventory:

Missiles
 c - 3 throwing nets (quivered)
 d - a javelin
Armour
 a - a +0 leather armour (worn)
 b - a +0 helmet (worn)
Scrolls
 e - a scroll of summoning {unknown}
Potions
 f - 4 potions of lignification {unknown}


   Skills:
 + Level 2.4 Fighting
 - Level 1.7 Throwing
 + Level 0.5 Armour
 + Level 2.8 Dodging
 + Level 3.4 Unarmed Combat


You had one spell level left.
You didn't know any spells.
Your spell library was empty.

Dungeon Overview and Level Annotations

Branches:
Dungeon (1/15)

Altars:
Sif Muna


Innate Abilities, Weirdness & Mutations

You are immune to poison.
You have sharp fingernails.
Your flesh is cold resistant. (rC+)
You are immune to negative energy. (rN+++)
You do not regenerate when monsters are visible.
You are immune to unholy pain and torment.
You thrive by killing the living.


Message History

You kill the jackal!
A kobold comes into view. It is wielding a +0 dagger.
The kobold shouts!
You see here a jackal corpse.
The kobold hits you but does no damage.
You scratch the kobold.
You kill the kobold!
Things that are here:
a +0 dagger; a kobold corpse You open the door.
Found a faded altar of an unknown god.
There is an open door here.
There is a faded altar of an unknown god here.
There is a faded altar of an unknown god here.
This altar belongs to (a) Ru, (b) Sif Muna or (c) Ashenzari, but you can't tell which.
Press the corresponding letter to learn more about a god, or press enter to convert or escape to cancel.
Sif Muna accepts your prayer! Sif Muna welcomes you!
You can now call upon Sif Muna for magical energy.
(D) Dungeon
Where to? (? - help)
Okay, then.
There is an open door here.
You see here a jackal corpse.
You see here a jackal corpse.
You see here a jackal corpse.
A kobold comes into view. It is wielding a +0 short sword.
The kobold shouts!
The kobold hits you with a +0 short sword.
You barely miss the kobold. The kobold hits you but does no damage.
You claw the kobold!
You kill the kobold!
Sif Muna accepts your kill.
You feel better.
No target in view!
Things that are here:
a +0 short sword; a kobold corpse
There is a staircase leading out of the dungeon here.
You can't go down here!
Are you sure you want to leave the Dungeon?
This will make you lose the game!
You have escaped!

...#
##..........#
...#
##.)....####.#
....# ##......##
.....# ##......##
......###......##
#......#..†...##
#...........##
##.........##
##...@...##
##.....## ##...##
...... ####.###
..# ####


There were no monsters in sight!

Vanquished Creatures
  2 goblins (D:1)
  3 jackals (D:1)
  2 bats (D:1)
  3 kobolds (D:1)
10 creatures vanquished.

Notes
Turn   | Place    | Note
-------+----------+-------------------------------------------
     0 | D:1      | Geeful the Ghoul Gladiator began the quest for the Orb.
     0 | D:1      | Reached XP level 1. HP: 17/17 MP: 0/0
   127 | D:1      | Reached XP level 2. HP: 25/25 MP: 1/1
   143 | D:1      | Found a faded altar of an unknown god.
   153 | D:1      | Prayed at the altar of an unknown god.
   153 | D:1      | Became a worshipper of Sif Muna the Loreminder
   153 | D:1      | Reached * piety under Sif Muna
   207 | D:$      | Safely got out of the dungeon.

Illustrated notes

Levels and vault maps discovered:
D:1:      dpeg_arrival_central, layout_basic,
          dreamdust_ecumenical_altar_angels_and_demons

Action                     || total
---------------------------++-------
  Melee: Unarmed           ||    37
         Punch             ||     1
 Armour: Leather armour    ||    23
  Dodge: Dodged            ||    33

Table legend: (Time is in decaauts)
 A = Elapsed time spent in this place.
 B = Non-inter-level travel time spent in this place.
 C = Inter-level travel time spent in this place.
 D = Time resting spent in this place.
 E = Time spent auto-exploring this place.
 F = Levels seen in this place.
 G = Mean time per level.
                   A        B        C        D        E       F      G
               +--------+--------+--------+--------+--------+-----+--------+
         Total |    205 |    170 |     35 |      0 |     51 |   1 |  205.0 |
       Dungeon |    205 |    170 |     35 |      0 |     51 |   1 |  205.0 |
               +--------+--------+--------+--------+--------+-----+--------+

Top non-repeatable levels by time:
     D:1: 205 daAuts
